[Event "Aktogay Masters 2019"]
[Site "Aktogay"]
[Date "2019.05.15"]
[Round "5.4"]
[White "Sukhov, Artur"]
[Black "Kuznetsov, Andrei S."]
[Result "0-1"]
[ECO "D94"]
[WhiteElo "2110"]
[BlackElo "2261"]
[Annotator "NA"]
[PlyCount "128"]
[EventDate "2019.05.11"]
[EventType "tourn"]
[EventCountry "KAZ"]
[SourceTitle "playchess.com"]
[Source "ChessBase"]
[SourceQuality "1"]
[TimeControl "5400+30"]

1. d4 Nf6 2. c4 c6 3. Nf3 d5 4. e3 g6 5. Nc3 Bg7 6. Bd3 O-O 7. O-O b6 8. Ne5 Bb7 9. cxd5 cxd5 10. Bd2 Ne4 11. f4 f6 12. Nxe4 dxe4 13. Bc4+ Bd5 14. Qb3 e6 15. Ng4 Nc6 16. Rac1 Rc8 17. Rc2 f5 18. Nf2 Qd7 19. Rfc1 Bxc4 20. Rxc4 Ne7 21. Bb4 Rxc4 22. Rxc4 Rc8 23. Bxe7 Rxc4 24. Qxc4 Qxe7 25. Nd1 Qd7 26. Nc3 Kf8 27. Kf2 Bf6 28. g3 a5 29. Ke2 Bd8 30. Kd2 g5 31. Qb5 Qxb5 32. Nxb5 g4 33. Kc3 Ke7 34. Kc4 Kd7 35. d5 Bf6 36. dxe6+ Kxe6 37. Nc3 h5 38. Kb5 Bd8 39. Kc6 h4 40. Ne2 h3 41. Nd4+ Kf6 42. Kd7 Be7 43. Nxf5 Bc5 44. Nh6 Kg6 45. Nxg4 Kf5 46. Nf2 Bxe3 47. Nxh3 Bd4 48. Kd6 Bxb2 49. Kd5 e3 50. Ng1 a4 51. Kc4 a3 52. Kd3 b5 53. Nf3 b4 54. Ne1 Bc3 55. Nc2 Bd2 56. Nd4+ Kg4 57. Nb3 Kf3 58. f5 Bc3 59. Nc1 Bb2 60. f6 Bxf6 61. Kc2 Bb2 62. Nd3 e2 63. h4 Ke3 64. h5 b3+ 0-1

[Event "Aktogay Masters 2019"]
[Site "Aktogay"]
[Date "2019.05.15"]
[Round "6.3"]
[White "Igambergenov, Alibek"]
[Black "Bekturov, Tamerlan"]
[Result "1/2-1/2"]
[ECO "A35"]
[WhiteElo "2295"]
[BlackElo "2241"]
[Annotator "NA"]
[PlyCount "52"]
[EventDate "2019.05.11"]
[EventType "tourn"]
[EventCountry "KAZ"]
[SourceTitle "playchess.com"]
[Source "ChessBase"]
[SourceQuality "1"]
[TimeControl "5400+30"]

1. Nf3 c5 2. c4 Nc6 3. Nc3 g6 4. e3 Nf6 5. d4 cxd4 6. exd4 d5 7. cxd5 Nxd5 8. Qb3 Nb6 9. d5 Nb8 10. a4 Bg7 11. a5 N6d7 12. Bf4 O-O 13. Bc4 b6 14. O-O Ba6 15. Nb5 Nc5 16. Qb4 Bb7 17. Bc7 Qc8 18. axb6 Nba6 19. Qd2 axb6 20. Be5 Bxe5 21. Nxe5 Nd7 22. Nxd7 Qxd7 23. Rfe1 Nc7 24. Nc3 b5 25. Rxa8 Rxa8 26. Bb3 Rd8 1/2-1/2

[Event "Aktogay Masters 2019"]
[Site "Aktogay"]
[Date "2019.05.15"]
[Round "6.4"]
[White "Kim, Kristina"]
[Black "Sukhov, Artur"]
[Result "1/2-1/2"]
[ECO "D02"]
[WhiteElo "1916"]
[BlackElo "2110"]
[Annotator "NA"]
[PlyCount "112"]
[EventDate "2019.05.11"]
[EventType "tourn"]
[EventCountry "KAZ"]
[SourceTitle "playchess.com"]
[Source "ChessBase"]
[SourceQuality "1"]
[TimeControl "5400+30"]

1. d4 Nf6 2. Bf4 d5 3. e3 e6 4. Nf3 Bd6 5. Bg3 O-O 6. Bd3 c5 7. c3 Nc6 8. Nbd2 h6 9. Qe2 cxd4 10. exd4 Qc7 11. Ne5 Nd7 12. f4 Re8 13. O-O f6 14. Qh5 Re7 15. Ng6 Rf7 16. Rae1 Nf8 17. Nxf8 Rxf8 18. Qg6 f5 19. Re2 Bd7 20. Qh5 Rae8 21. Nb3 Na5 22. Nxa5 Qxa5 23. a3 Qc7 24. Qf3 b5 25. Be1 a5 26. Bd2 Qb6 27. g4 fxg4 28. Qxg4 Rf6 29. Rg2 Re7 30. Qh4 Kf8 31. Kh1 Ref7 32. Bg6 Rxg6 33. Rxg6 Be7 34. Qe1 Bf6 35. Rfg1 b4 36. axb4 axb4 37. Qe2 Bb5 38. Qe3 Qa6 39. R6g3 Bh4 40. Rh3 g5 41. f5 exf5 42. c4 dxc4 43. Bxb4+ Kg8 44. d5 Kh7 45. Bc3 Qa8 46. Qe5 Qe8 47. Re3 Qxe5 48. Rxe5 g4 49. Rf1 f4 50. Re4 Bg5 51. h4 gxh3 52. Kh2 Bd7 53. Bd2 Bf5 54. Rxc4 Bd3 55. Rcxf4 Bxf4+ 56. Rxf4 Rxf4 1/2-1/2

[Event "Aktogay Masters 2019"]
[Site "Aktogay"]
[Date "2019.05.15"]
[Round "6.5"]
[White "Kuznetsov, Andrei S."]
[Black "Vlassov, Nikolai"]
[Result "0-1"]
[ECO "B50"]
[WhiteElo "2261"]
[BlackElo "2393"]
[Annotator "NA"]
[PlyCount "84"]
[EventDate "2019.05.11"]
[EventType "tourn"]
[EventCountry "KAZ"]
[SourceTitle "playchess.com"]
[Source "ChessBase"]
[SourceQuality "1"]
[TimeControl "5400+30"]

1. e4 c5 2. Nf3 d6 3. c3 Nf6 4. h3 g6 5. Bd3 Bg7 6. O-O O-O 7. Bc2 Nc6 8. a3 e5 9. b4 c4 10. d4 cxd3 11. Bxd3 d5 12. Nbd2 Nxe4 13. Nxe4 dxe4 14. Bxe4 Be6 15. Qe2 Qc7 16. Re1 Ne7 17. Qb5 Rab8 18. Bg5 Bc4 19. Qc5 Qxc5 20. bxc5 f6 21. Nxe5 fxg5 22. Nxc4 Bxc3 23. Nd6 Bxa1 24. Rxa1 Nf5 25. Nxb7 Rbc8 26. c6 Nd4 27. Rd1 Ne2+ 28. Kh2 Nc3 29. Rd4 Nxe4 30. Rxe4 Rxc6 31. f3 Kf7 32. Ra4 a6 33. Na5 Re6 34. Nb3 Rc8 35. Nd2 h6 36. Ne4 Rb6 37. Rd4 Rc2 38. Nd6+ Kf6 39. Nc4 Re6 40. f4 h5 41. h4 gxf4 42. Rxf4+ Ke7 0-1

[Event "Aktogay Masters 2019"]
[Site "Aktogay"]
[Date "2019.05.15"]
[Round "7.1"]
[White "Sukhov, Artur"]
[Black "Khusenkhojaev, Muhammad"]
[Result "0-1"]
[ECO "A50"]
[WhiteElo "2110"]
[BlackElo "2445"]
[Annotator "ChessBase"]
[PlyCount "58"]
[EventDate "2019.05.11"]
[EventType "tourn"]
[EventCountry "KAZ"]
[SourceTitle "playchess.com"]
[Source "ChessBase"]
[SourceQuality "1"]
[TimeControl "5400+30"]

1. d4 Nf6 2. c4 g6 3. Nf3 Bg7 4. g3 b6 5. Bg2 Bb7 6. O-O O-O 7. Nc3 Ne4 8. Nxe4 Bxe4 9. b3 c5 10. Bb2 Nc6 11. e3 d5 12. Qe2 dxc4 13. Qxc4 cxd4 14. Bxd4 Nxd4 15. Nxd4 Rc8 16. Qe2 Bxd4 17. exd4 Bxg2 18. Kxg2 Qd5+ 19. Kg1 Rc7 20. Rac1 Rfc8 21. Rxc7 Rxc7 22. Rd1 e6 23. Qe5 Qxe5 24. dxe5 Rc2 25. a4 Rc3 26. Rd7 a5 27. b4 axb4 28. Rd6 b5 29. axb5 b3 0-1

[Event "Aktogay Masters 2019"]
[Site "Aktogay"]
[Date "2019.05.15"]
[Round "7.3"]
[White "Nukin, Tolegen"]
[Black "Igambergenov, Alibek"]
[Result "0-1"]
[ECO "B25"]
[WhiteElo "2113"]
[BlackElo "2295"]
[Annotator "ChessBase"]
[PlyCount "72"]
[EventDate "2019.05.11"]
[EventType "tourn"]
[EventCountry "KAZ"]
[SourceTitle "playchess.com"]
[Source "ChessBase"]
[SourceQuality "1"]
[TimeControl "5400+30"]

1. e4 c5 2. Nc3 d6 3. g3 g6 4. Bg2 Bg7 5. d3 Nc6 6. f4 e6 7. Nf3 Nge7 8. O-O O-O 9. Bd2 a6 10. Rb1 b5 11. a3 Bb7 12. Ne2 d5 13. e5 f6 14. exf6 Bxf6 15. Ng5 Qd6 16. h4 Nf5 17. c3 Rae8 18. b4 Kg7 19. Kh2 cxb4 20. axb4 e5 21. Qb3 h6 22. Nh3 e4 23. d4 Nce7 24. Qd1 Nc8 25. Nc1 Nb6 26. Ne2 Nc4 27. Qc1 Bc8 28. Ra1 Rh8 29. Kg1 Qd7 30. Ra2 Qc6 31. Ra1 Nfd6 32. Ra2 Bg4 33. Be1 Nf5 34. Bf2 e3 35. Be1 Nd2 36. Qa1 Bxe2 0-1

[Event "Aktogay Masters 2019"]
[Site "Aktogay"]
[Date "2019.05.15"]
[Round "7.4"]
[White "Vlassov, Nikolai"]
[Black "Kim, Kristina"]
[Result "1-0"]
[ECO "B06"]
[WhiteElo "2393"]
[BlackElo "1916"]
[Annotator "ChessBase"]
[PlyCount "49"]
[EventDate "2019.05.11"]
[EventType "tourn"]
[EventCountry "KAZ"]
[SourceTitle "playchess.com"]
[Source "ChessBase"]
[SourceQuality "1"]
[TimeControl "5400+30"]

1. e4 g6 2. h4 h6 3. d4 Bg7 4. Nc3 c6 5. Bc4 d6 6. h5 gxh5 7. Nge2 Nf6 8. Nf4 b5 9. Bb3 b4 10. Nxh5 Nxh5 11. Qxh5 e6 12. Ne2 d5 13. Qg4 Bf8 14. Bd2 a5 15. c3 a4 16. Bc2 a3 17. bxa3 bxc3 18. Nxc3 Qb6 19. exd5 Qb2 20. Rc1 Rxa3 21. Na4 Qxa2 22. Nb6 Bd7 23. Qf4 Na6 24. Nxd7 Kxd7 25. Qf6 1-0

[Event "Aktogay Masters 2019"]
[Site "Aktogay"]
[Date "2019.05.16"]
[Round "8.5"]
[White "Sukhov, Artur"]
[Black "Vlassov, Nikolai"]
[Result "0-1"]
[ECO "E33"]
[WhiteElo "2110"]
[BlackElo "2393"]
[Annotator "NA RC"]
[PlyCount "76"]
[EventDate "2019.05.11"]
[EventType "tourn"]
[EventCountry "KAZ"]
[SourceTitle "playchess.com"]
[Source "ChessBase"]
[SourceQuality "1"]
[TimeControl "5400+30"]

1. d4 Nf6 2. c4 Nc6 3. Nf3 e6 4. Nc3 Bb4 5. Bd2 O-O 6. e3 d6 7. a3 Bxc3 8. Bxc3 Qe7 9. Be2 e5 10. dxe5 dxe5 11. Qc2 Bg4 12. O-O a5 13. h3 {[%emt 0:02:26] E33: Nimzo-Indian: Classical: 4...Nc6} Bh5 14. b3 Rfe8 15. Qb2 (15. Rfd1 Bg6 16. Qb2 Ne4 17. Be1 Nd6 18. Bc3 Ne4 19. Be1 Nd6 20. Bc3 {½-½ (20) Malakhatko,V (2511)-Tregubov,P (2589) Bastia 2017}) 15... Ne4 16. Rfe1 $146 ({Predecessor:} 16. Be1 Nc5 17. b4 Bxf3 18. gxf3 {0-1 (40) Landgren,A (2276)-Schneider,S (2365) Sweden 2019}) 16... Nc5 17. Rad1 e4 18. Nd4 Bxe2 19. Qxe2 Nd3 20. Rf1 Nxd4 21. Bxd4 Qxa3 22. Qg4 Qf8 23. f3 {[%emt 0:00:00] [#]} Nc5 $1 24. Qf4 (24. Bb2 $15) 24... Nxb3 25. Qxc7 Qe7 26. Qf4 a4 27. fxe4 f6 28. Qg4 Qxe4 29. Rf4 {[%emt 0:00:30] [#]} Qg6 $1 30. Qf3 Qf7 31. g4 $2 (31. Bc3 {was called for.}) 31... Ra5 (31... a3 $142 32. g5 a2) 32. Bc3 $17 Rc5 33. Bb4 Rce5 34. Rd3 h5 35. h4 Qg6 36. Rd7 Re4 37. Rxb7 hxg4 38. Qg3 Rxe3 0-1

[Event "Aktogay Masters 2019"]
[Site "Aktogay"]
[Date "2019.05.17"]
[Round "9.1"]
[White "Vlassov, Nikolai"]
[Black "Khusenkhojaev, Muhammad"]
[Result "0-1"]
[ECO "A11"]
[WhiteElo "2393"]
[BlackElo "2445"]
[Annotator "NA"]
[PlyCount "102"]
[EventDate "2019.05.11"]
[EventType "tourn"]
[EventCountry "KAZ"]
[SourceTitle "playchess.com"]
[Source "ChessBase"]
[SourceQuality "1"]
[TimeControl "5400+30"]

1. c4 Nf6 2. g3 c6 3. b3 g6 4. Bb2 Bg7 5. Bg2 d5 6. Nf3 O-O 7. O-O Nbd7 8. d3 Re8 9. cxd5 cxd5 10. Nc3 a6 11. Rc1 b5 12. e4 dxe4 13. dxe4 Nb6 14. e5 Nfd5 15. Nxd5 Nxd5 16. Ng5 e6 17. Ne4 Re7 18. Qd2 Bb7 19. Rfd1 Rc7 20. Nd6 Rxc1 21. Rxc1 Rb8 22. Bd4 Qd7 23. Qa5 Bh6 24. f4 Bf8 25. Bxd5 Bxd6 26. Bxb7 Bf8 27. Bf2 Qxb7 28. Qc7 Qxc7 29. Rxc7 Rd8 30. g4 h6 31. Kf1 Bg7 32. Ra7 g5 33. fxg5 hxg5 34. Rxa6 Bxe5 35. h3 b4 36. Ke2 Rc8 37. Kd3 Rc3+ 38. Ke4 Bf6 39. Be3 Kh7 40. Bd2 Rxh3 41. Bxb4 Rg3 42. Bd6 Rxg4+ 43. Kf3 Rd4 44. b4 g4+ 45. Ke3 g3 46. Bxg3 Rxb4 47. a4 Bd4+ 48. Kf3 Rb3+ 49. Kg2 Kg6 50. a5 Kf5 51. Rd6 Rxg3+ 0-1

[Event "Aktogay Masters 2019"]
[Site "Aktogay"]
[Date "2019.05.17"]
[Round "9.2"]
[White "Suleymenov, Alisher"]
[Black "Igambergenov, Alibek"]
[Result "1/2-1/2"]
[ECO "D43"]
[WhiteElo "2435"]
[BlackElo "2295"]
[Annotator "NA"]
[PlyCount "93"]
[EventDate "2019.05.11"]
[EventType "tourn"]
[EventCountry "KAZ"]
[SourceTitle "playchess.com"]
[Source "ChessBase"]
[SourceQuality "1"]
[TimeControl "5400+30"]

1. d4 Nf6 2. c4 e6 3. Nf3 d5 4. Bg5 h6 5. Bxf6 Qxf6 6. Nc3 c6 7. Qb3 dxc4 8. Qxc4 Nd7 9. Rd1 Be7 10. e3 Qg6 11. Be2 O-O 12. O-O a6 13. Bd3 Qh5 14. Ne4 Qd5 15. Qc1 Qxa2 16. Bb1 Qa5 17. Qc2 Rd8 18. Ng3 Nf8 19. Ne5 Qc7 20. f4 Bd6 21. Rf3 Bd7 22. Nh5 Be8 23. Rg3 g6 24. Rf1 Kh8 25. Nf6 Qe7 26. Nfg4 h5 27. Nf2 c5 28. dxc5 Bxc5 29. Qc3 Kg8 30. Ne4 Bb4 31. Qb3 Rac8 32. Ng5 a5 33. Ngxf7 Bxf7 34. Bxg6 Nxg6 35. Nxg6 Bxg6 36. Rxg6+ Kh7 37. Rxe6 Qg7 38. Re5 Qg6 39. f5 Qg8 40. Re6 Rd2 41. g3 Rcc2 42. Rf2 Rc1+ 43. Kg2 Rxf2+ 44. Kxf2 Qd8 45. Kg2 Qd2+ 46. Kh3 Qe2 47. Re7+ 1/2-1/2

[Event "Aktogay Masters 2019"]
[Site "Aktogay"]
[Date "2019.05.17"]
[Round "9.3"]
[White "Nukin, Tolegen"]
[Black "Kim, Kristina"]
[Result "1/2-1/2"]
[ECO "A30"]
[WhiteElo "2113"]
[BlackElo "1916"]
[Annotator "NA"]
[PlyCount "124"]
[EventDate "2019.05.11"]
[EventType "tourn"]
[EventCountry "KAZ"]
[SourceTitle "playchess.com"]
[Source "ChessBase"]
[SourceQuality "1"]
[TimeControl "5400+30"]

1. Nf3 Nf6 2. c4 c5 3. Nc3 b6 4. g3 Bb7 5. Bg2 e6 6. O-O Be7 7. Re1 d6 8. e4 a6 9. d4 cxd4 10. Nxd4 Qc7 11. Be3 Nbd7 12. f4 O-O 13. g4 Nc5 14. Bf2 g6 15. b4 Ncd7 16. Rc1 Rac8 17. e5 dxe5 18. fxe5 Ne8 19. Ndb5 axb5 20. Nxb5 Qb8 21. Qxd7 Bxg2 22. Qxe7 Qa8 23. Qa7 Qf3 24. Re3 Qxg4 25. Rg3 Qf4 26. Be3 Qe4 27. Qd7 Bf3 28. Kf2 Ra8 29. Rxf3 Rxa2+ 30. Bd2 Qxe5 31. Kg1 Nf6 32. Qd3 Ne4 33. Bf4 Qb2 34. Qf1 e5 35. Rb1 Qc2 36. Rc1 Qb2 37. Rb1 Qc2 38. Bxe5 Nd2 39. Rf2 Nxf1 40. Rxc2 Rxc2 41. Kxf1 Rxc4 42. Nd6 Rc2 43. Ra1 f6 44. Bf4 g5 45. Bg3 h5 46. Ra7 h4 47. Bf2 Rd8 48. Ne4 Rc6 49. Ra6 Re8 50. Nc5 Rd6 51. Nb3 Rd3 52. Nd4 h3 53. Nc2 Rd2 54. Ne1 Ree2 55. Bg1 Re4 56. Bxb6 Rf4+ 57. Kg1 Rg4+ 58. Kf1 Rxh2 59. Ra8+ Kg7 60. Ra7+ Kg6 61. b5 Rf4+ 62. Kg1 Re2 1/2-1/2

[Event "Aktogay Masters 2019"]
[Site "Aktogay"]
[Date "2019.05.17"]
[Round "9.5"]
[White "Bekturov, Tamerlan"]
[Black "Sukhov, Artur"]
[Result "1/2-1/2"]
[ECO "D70"]
[WhiteElo "2241"]
[BlackElo "2110"]
[Annotator "NA"]
[PlyCount "101"]
[EventDate "2019.05.11"]
[EventType "tourn"]
[EventCountry "KAZ"]
[SourceTitle "playchess.com"]
[Source "ChessBase"]
[SourceQuality "1"]
[TimeControl "5400+30"]

1. d4 Nf6 2. Nf3 d5 3. c4 c6 4. e3 g6 5. Nbd2 Bg7 6. Be2 O-O 7. b4 Ne4 8. Bb2 Nxd2 9. Qxd2 Nd7 10. cxd5 cxd5 11. O-O Nb6 12. Rfc1 Bg4 13. a4 Bxf3 14. gxf3 Rc8 15. Rc5 Nc4 16. Bxc4 dxc4 17. Qe2 Rxc5 18. bxc5 e5 19. dxe5 Qd5 20. Rc1 Bxe5 21. Bxe5 Qxe5 22. Qxc4 Rc8 23. h4 Rc6 24. Qd4 Qf5 25. Rc4 Qxf3 26. Qd8+ Kg7 27. Rf4 Qh3 28. Qe7 Qe6 29. Qxb7 Rxc5 30. Qxa7 Rd5 31. Qb7 Rd7 32. Qb2+ Kh6 33. Kh2 Qc6 34. Qb5 Qxb5 35. axb5 Rb7 36. Rb4 Rb6 37. Kg3 Kh5 38. Kf3 f5 39. e4 fxe4+ 40. Kxe4 Kxh4 41. Kd5+ Kh3 42. Kc5 Rb8 43. b6 h5 44. Kc6 Kg2 45. Kc7 Rxb6 46. Kxb6 Kxf2 47. Kc5 g5 48. Kd5 h4 49. Ke4 h3 50. Rb2+ Kg3 51. Kf5 1/2-1/2